 Dungeon Crawl Stone Soup version 0.29.1-13-g9f3cf754e1 (webtiles) character file.

Game seed: 3654558821726620727

40 DildoBatman the Conjurer (level 3, 0/26 HPs)
             Began as a Formicid Conjurer on Jan 23, 2023.
             Slain by a rat (3 damage)
             ... on level 3 of the Dungeon.
             The game lasted 00:03:37 (1172 turns).

DildoBatman the Conjurer (Formicid Conjurer)        Turns: 1172, Time: 00:03:37

Health: 0/26       AC:  2    Str: 11    XL:     3   Next: 72%
Magic:  1/6        EV: 12    Int: 19    God:
Gold:   42         SH:  0    Dex: 12    Spells: 4/7 levels left

rFire   . . .      SeeInvis +   a - +0 spear
rCold   . . .      Faith    .   (no shield)
rNeg    . . .      Spirit   .   h - +0 robe
rPois   .          Reflect  .   (helmet unavailable)
rElec   .          Harm     .   (no cloak)
rCorr   .          Rampage  .   (no gloves)
Will    .....                   (no boots)
Stlth   ++........              (no amulet)
HPRegen 0.08/turn               (no ring)
MPRegen 0.10/turn               (no ring)

@: no status effects
A: permanent stasis, dig shafts and tunnels, antennae 3, four strong arms
a: Dig, Shaft Self


You were on level 3 of the Dungeon.
You visited 1 branch of the dungeon, and saw 3 of its levels.

You collected 42 gold pieces.

Inventory:

Hand Weapons
 a - a +0 spear (weapon)
 k - a +0 short sword
Missiles
 n - 2 poisoned darts
Armour
 h - a +0 robe (worn)
Scrolls
 c - a scroll of summoning {unknown}
 f - a scroll of enchant weapon {unknown}
 g - 2 scrolls of teleportation {unknown}
 i - a scroll of identify {unknown}
 m - a scroll of poison {unknown}
 o - a scroll of fear {unknown}
Potions
 b - a potion of magic
 d - a potion of brilliance {unknown}
 e - a potion of heal wounds {unknown}
 j - a potion of resistance {unknown}
 l - 2 potions of berserk rage {unknown}


   Skills:
 * Level 1.3 Fighting
 * Level 1.4 Armour
 - Level 2.0 Dodging
 - Level 2.4 Stealth
 * Level 2.6 Spellcasting
 * Level 3.9 Conjurations


You had 4 spell levels left.
You knew the following spells:

 Your Spells              Type           Power      Damage    Failure   Level
a - Searing Ray           Conj           34%        2d5       4%          2
c - Magic Dart            Conj           68%        1d6       3%          1

Your spell library contained the following spells:

 Spells                   Type           Power      Damage    Failure   Level
 Dazzling Flash           Conj/Hex       18%        N/A       22%         3
 Fulminant Prism          Conj/Hex       4%         3d6       56%         4
 Iskenderun's Mystic Bla  Conj/Tloc      9%         2d4       56%         4


Dungeon Overview and Level Annotations

Branches:
Dungeon (3/15)

Altars:

Shops:
D:2 =

Annotations:
D:2 Robin


Innate Abilities, Weirdness & Mutations

You cannot be hasted, slowed, berserked, paralysed or teleported.
You can dig through walls and to a lower floor.
You have a pair of large antennae on your head. (SInv)
Your four strong arms can wield two-handed weapons with a shield.


Message History

Press: ? - help, Shift-Dir - straight line, f - orc, p - orc
Aim: an orc, wielding a +0 trident and wearing a +0 scale mail (81% to hit)
The searing ray hits the orc!
You kill the orc!
The searing ray misses the orc. (Press . to maintain the ray.)
The orc wizard shouts!
The searing ray hits the orc.
The orc is severely wounded.
The orc hits you from afar with a +0 trident.
The searing ray hits the orc.
You kill the orc!
A rat comes into view.
The orc wizard gestures at you while chanting.
The magic dart hits you!
Casting: Searing Ray (safe; 4% risk of failure)
Confirm with . or Enter, or press ? or * to list all spells.
Aiming: Searing Ray (safe; 4% risk of failure)
Press: ? - help, Shift-Dir - straight line, f - orc wizard
Aim: an orc wizard, wielding a +0 dagger and wearing a +0 robe (72% to hit)
The searing ray misses the orc wizard. (Press . to maintain the ray.)
The orc wizard casts a spell at you. You resist with some effort.
Without enough magic to sustain it, your searing ray dissipates.
You barely miss the orc wizard. The orc wizard casts a spell at you.
The puff of flame hits you!
You barely miss the orc wizard.
The orc wizard hits you with a +0 dagger.
You closely miss the orc wizard.
The orc wizard hits you with a +0 dagger.
The rat bites you.
You barely miss the orc wizard. The orc wizard barely misses you.
The rat barely misses you.
You barely miss the orc wizard. The orc wizard barely misses you.
The rat bites you.
You die...

###########
#.......<.#
#.........#
#.........#
#.........#
#.......r.#
#.......o@#
######..###
#..####
##..))#
##.#..####
#.##...r#.
#.........
#.........
#.........


You could see an orc wizard and a rat.

Vanquished Creatures
  2 orcs (D:3)
  3 endoplasms (D:1)
  4 goblins
  A hobgoblin (D:2)
  5 jackals
  4 quokkas
  5 ball pythons
  2 bats
  4 frilled lizards
  4 kobolds
  2 rats
36 creatures vanquished.

Vanquished Creatures (others)
  3 plants (D:1)
3 creatures vanquished.

Grand Total: 39 creatures vanquished

Notes
Turn   | Place    | Note
-------+----------+-------------------------------------------
     0 | D:1      | DildoBatman the Formicid Conjurer began the quest for the
                  | Orb.
     0 | D:1      | Reached XP level 1. HP: 13/13 MP: 3/3
   208 | D:1      | Reached XP level 2. HP: 20/20 MP: 3/5
   211 | D:1      | Learned a level 2 spell: Searing Ray
   625 | D:1      | Reached skill level 1 in Fighting
   629 | D:1      | Reached skill level 1 in Armour
   629 | D:1      | Reached XP level 3. HP: 20/26 MP: 3/6
  1066 | D:2      | Found Qimesun's One-of-a-Kind Rings.
  1119 | D:2      | Noticed Robin
  1172 | D:3      | Slain by a rat

Illustrated notes

Levels and vault maps discovered:
D:1:      tarquinn_simple_flora_water_b, layout_rooms, minmay_shallow_snake_nest
D:2:      layout_basic, nicolae_shop_unique_rings, uniq_robin
D:3:      layout_rooms, gammafunk_ghost_nasty_kobolds, fountainhead,
          uniq_crazy_yiuf_cottage, uniq_jessica

Skill      XL: |  1  2 |
---------------+-------+-----
Dodging        | 2 |  2.0
Fighting       | 1 |  1.3
Armour         | 1 |  1.4
Stealth        | |  2.4
Spellcasting   | |  2.6
Conjurations   | |  3.9

Action                   || total
-------------------------++-------
Melee: Spear             ||    23
 Cast: Magic Dart        ||    29
       Searing Ray       ||     9
Armor: Robe              ||     3
Dodge: Dodged            ||    19
